 Dungeon Crawl Stone Soup version 0.29.1-1-gd02db6906a (webtiles) character file.

Game seed: 17224627650437430958

424 Animoz the Stinger (level 7, -4/48 HPs)
             Began as a Human Venom Mage on Sept 29, 2022.
             Slain by an orc warrior
             ... wielding a +0 battleaxe
              (8 damage)
             ... on level 5 of the Dungeon.
             The game lasted 00:38:37 (6729 turns).

Animoz the Stinger (Human Venom Mage)               Turns: 6729, Time: 00:38:39

Health: -4/48      AC:  2    Str:  8    XL:     7   Next: 17%
Magic:  10/12      EV: 12    Int: 17    God:
Gold:   1289       SH:  0    Dex: 14    Spells: 9/12 levels left

rFire   . . .      SeeInvis .   i - +2 mace (protect)
rCold   . . .      Faith    .   (no shield)
rNeg    . . .      Spirit   .   h - +0 robe of the Little Devil {+Blink Regen+}
rPois   .          Reflect  .   (no helmet)
rElec   .          Harm     .   (no cloak)
rCorr   .          Rampage  .   (no gloves)
Will    .....                   (no boots)
Stlth   ++........              (no amulet)
HPRegen 0.96/turn               j - ring of flight
MPRegen 0.13/turn               (no ring)

@: flying
A: no striking features
a: Evoke Blink


You were on level 5 of the Dungeon.
You visited 1 branch of the dungeon, and saw 5 of its levels.

You collected 1289 gold pieces.

Inventory:

Hand Weapons
 e - a +5 club
 i - a +2 mace of protection (weapon)
Missiles
 a - 2 poisoned darts
Armour
 h - the +0 robe of the Little Devil (worn) {+Blink Regen+}
   (You found it on level 2 of the Dungeon)

   +Blink:    It lets you blink.
   Regen:     It increases your rate of health regeneration.
Jewellery
 j - a ring of flight (left hand)
Wands
 u - a wand of charming (6)
 v - a wand of roots (8)
Scrolls
 c - 2 scrolls of vulnerability
 k - 3 scrolls of blinking
 l - a scroll of enchant armour {unknown}
 m - a scroll of fear {unknown}
 p - 2 scrolls of noise {unknown}
 q - a scroll of amnesia {unknown}
 t - a scroll of teleportation
 w - a scroll of magic mapping {unknown}
Potions
 b - 2 potions of heal wounds {unknown}
 d - a potion of resistance {unknown}
 g - a potion of mutation {unknown}
 n - a potion of haste
 o - 2 potions of might
 r - a potion of degeneration {unknown}
 s - a potion of cancellation {unknown}


   Skills:
 + Level 1.2 Fighting
 + Level 2.0 Maces & Flails
 + Level 0.5 Throwing
 + Level 2.8 Dodging
 + Level 2.4 Stealth
 + Level 3.4 Spellcasting
 + Level 3.4 Transmutations
 + Level 0.3 Air Magic
 + Level 4.3 Poison Magic
 + Level 0.1 Evocations


You had 9 spell levels left.
You knew the following spells:

 Your Spells              Type           Power      Damage    Failure   Level
a - Sting                 Tmut/Pois      64%        1d6       3%          1
b - Poisonous Vapours     Pois/Air       20%        N/A       10%         2

Your spell library contained the following spells:

 Spells                   Type           Power      Damage    Failure   Level
 Slow                     Hex            8%         N/A       17%         1
 Mephitic Cloud           Conj/Pois/Air  8%         N/A       26%         3
 Olgreb's Toxic Radiance  Pois           17%        N/A       28%         4
 Confusing Touch          Hex            2%         N/A       45%         3
 Vampiric Draining        Necr           2%         2d6       45%         3
 Ice Form                 Ice/Tmut       8%         N/A       63%         4
 Hailstorm                Conj/Ice       2%         3d3       86%         4
 Simulacrum               Ice/Necr       1%         N/A       100%        6


Dungeon Overview and Level Annotations

Branches:
Dungeon (5/15)
 Temple: D:4-7

Altars:
Sif Muna
Trog
Xom
Zin

Shops:
D:5 (

Annotations:
D:3 Sigmund


Message History

Aim: an orc warrior, wielding a +0 battleaxe and wearing a +0 chain mail (wandering, hasn't noticed you, 71% to hit)
The sting misses the orc warrior.
The orc warrior shouts!
The orc warrior hits you with a +0 battleaxe.
Aiming: Sting (safe; 3% risk of failure)
Press: ? - help, Q - select action, (/) - cycle Shift-Dir - straight line, f/p - orc warrior
Aim: an orc warrior, wielding a +0 battleaxe and wearing a +0 chain mail (71% to hit)
The sting hits the orc warrior.
The orc warrior is poisoned.
The orc warrior is lightly wounded.
The orc warrior hits you with a +0 battleaxe.
You hit the orc warrior.
Your weapon exudes an aura of protection.
Your punch misses the orc warrior.
The orc warrior is moderately wounded.
The orc warrior hits you with a +0 battleaxe!
You hit the orc warrior.
The orc warrior is moderately wounded.
The orc warrior hits you with a +0 battleaxe!!
There is an empty arch of ancient stone here.
The orc warrior attacks as you move away!
The orc warrior hits you with a +0 battleaxe!
* * * LOW HITPOINT WARNING * * *
Things that are here:
a +0 dagger; a +0 robe You feel better.
The orc warrior misses you.
Aiming: Sting (safe; 3% risk of failure)
Press: ? - help, Q - select action, (/) - cycle Shift-Dir - straight line, f/p - orc warrior
Aim: an orc warrior, wielding a +0 battleaxe and wearing a +0 chain mail (moderately wounded, poisoned, 71% to hit)
The sting hits the orc warrior but does no damage.
The orc warrior looks even sicker.
The orc warrior is moderately wounded.
The orc warrior hits you with a +0 battleaxe!!
* * * LOW HITPOINT WARNING * * *
Aiming: Fastroot
Press: ? - help, Q - select action, (/) - cycle Shift-Dir - straight line, p - orc warrior The roots erupt in riotous growth!
Roots grab the orc warrior.
The grasping roots constrict the orc warrior.
The orc warrior hits you with a +0 battleaxe!
You die...

........###....##.#####.##
.......## ##...#.##
#.....## ##...## ##...##
##.## ##'## #.# ### #.#
#.# #..# # #.# #.##.:_#
##.# ##.## ###....##...#
##...## ##.@.# #.....
......########..o###....#
.#..........#...#∩#...#
.....######....###...#
.....# #...###...## .....#
#..##....## .##..#
#####_).## .##..# #..#
.##..# ###


You could see an orc warrior (very poisoned, rooted).

Vanquished Creatures
  2 phantoms (D:4)
  A scorpion (D:4)
  2 hounds (D:4)
  An orc wizard (D:5)
  Robin (D:2)
  An ufetubus (D:4)
  2 worms
  3 dart slugs
  9 ball pythons
  8 endoplasms
  6 giant cockroaches
  14 goblins
  9 hobgoblins
  2 jackals (D:2)
  6 quokkas
  9 bats
  6 frilled lizards
  10 kobolds
  5 rats
97 creatures vanquished.

Notes
Turn   | Place    | Note
-------+----------+-------------------------------------------
     0 | D:1      | Animoz the Human Venom Mage began the quest for the Orb.
     0 | D:1      | Reached XP level 1. HP: 13/13 MP: 3/3
   185 | D:1      | Reached XP level 2. HP: 19/19 MP: 1/5
  1118 | D:1      | Found a faded altar of an unknown god.
  1521 | D:1      | Learned a level 2 spell: Poisonous Vapours
  2105 | D:1      | Reached XP level 3. HP: 23/24 MP: 0/6
  2748 | D:2      | Identified the +0 robe of the Little Devil {+Blink Regen+}
  3073 | D:2      | Identified a scroll of acquirement
  3073 | D:2      | Acquired 1030 gold pieces
  3342 | D:2      | Noticed Robin
  3349 | D:2      | Reached XP level 4. HP: 27/30 MP: 4/7
  4145 | D:2      | Killed Robin
  4731 | D:3      | Found a glowing silver altar of Zin.
  5166 | D:3      | Reached XP level 5. HP: 35/35 MP: 5/9
  5302 | D:3      | Noticed Sigmund
  5399 | D:4      | Found a shimmering altar of Xom.
  5564 | D:4      | Noticed a black bear
  5583 | D:4      | Reached skill level 4 in Poison Magic
  6083 | D:5      | Entered Level 5 of the Dungeon
  6094 | D:5      | Noticed a phantom
  6097 | D:5      | Found Seachaw's Weapon Shoppe.
  6105 | D:5      | Noticed a phantom
  6132 | D:4      | Reached skill level 1 in Maces & Flails
  6132 | D:4      | Reached XP level 6. HP: 16/42 MP: 5/10
  6338 | D:4      | Reached skill level 1 in Fighting
  6338 | D:4      | Reached XP level 7. HP: 33/48 MP: 10/12
  6705 | D:5      | Found a shimmering blue altar of Sif Muna.
  6719 | D:5      | Found a bloodstained altar of Trog.
  6729 | D:5      | Slain by an orc warrior

Illustrated notes

Levels and vault maps discovered:
D:1:      roderic_octagonal_star, layout_basic, basic_ecumenical_altar,
          hangedman_glass_teeth, minmay_pentomino_p4
D:2:      layout_basic, uniq_robin
D:3:      layout_basic, mainiacjoe_overflow_24_doors, uniq_sigmund
D:4:      layout_loops_ring, mainiacjoe_overflow_alcove_2,
          hangedman_decor_riveting, minmay_misc_feat_tower, st_stairs_8
D:5:      layout_loops_corners, nzn_overflow_gifts_of_might_and_magic,
          mainiacjoe_overflow_cross_hatched, serial_shops, shop_coins,
          nicolae_elevator_lobby_asterisk

Skill      XL: |  1  2  3  4  5  6  7 |
---------------+----------------------+-----
Transmutations | 3 |  3.4
Poison Magic   | 4 |  4.3
Maces & Flails | 1 2 |  2.0
Spellcasting   | 3 |  3.4
Fighting       | 1 |  1.2
Throwing       | |  0.5
Dodging        | |  2.8
Stealth        | |  2.4
Air Magic      | |  0.3
Evocations     | |  0.1

Action                   |  1- 3 |  4- 6 |  7- 9 || total
-------------------------+-------+-------+-------++-------
Melee: Whip              |     9 |       |       ||     9
       Mace              |    24 |    95 |    16 ||   135
       Punch             |     1 |     1 |       ||     2
Throw: Dart              |    31 |       |       ||    31
 Cast: Sting             |    40 |    94 |     5 ||   139
       Poisonous Vapours |     7 |     1 |       ||     8
 Abil: Evoke Blink       |       |     1 |       ||     1
Evoke: Wand              |       |       |     1 ||     1
  Use: Scroll            |     4 |     4 |       ||     8
       Potion            |     1 |     1 |     1 ||     3
Armor: Robe              |    18 |    41 |     4 ||    63
Dodge: Dodged            |    47 |   117 |     5 ||   169
